AoeStats
← ITA | MarknighT

MegaRandom

506627506Analyzed
1v1 RM · 19d ago on Sep 14, 2026· 59m 27s· 2 players
Game mode
Random Map
Map size
Tiny (2 player)
Population
200
Speed
Normal
Resources
Standard
Victory
Conquest
Starting age
Dark Age
Ending age
Imperial Age
RankedLock teamsTeams togetherTeam positionsShared explorationLock speedFull tech treeHidden civsTurbo modeCheats
Victory
Defeat
🇮🇹 Bohemians · Italy
1909
+10
🇪🇸 Italians · Spain
1762
-10
jaumecr25
8:50 Feudal Age
8:27 Loom
8:54 Man-at-Arms
13:55 Double-Bit Axe
15:06 Fletching
19:19 Padded Archer Armor
19:46 Town Watch
22:27 Castle Age
21:24 Horse Collar
23:03 Bodkin Arrow
22:33 Crossbowman
23:01 Elite Skirmisher
39:12 Imperial Age
38:59 Bow Saw
38:53 Heavy Plow
42:27 Bracer
43:39 Leather Archer Armor
44:20 Ballistics
45:01 Chemistry
45:24 Ring Archer Armor
47:08 Elite Genoese Crossbowman
54:17 Scale Mail Armor
55:51 Chain Mail Armor
55:47 Forging
56:14 Squires
57:51 Plate Mail Armor
57:38 Arson
59:45 Iron Casting
ITA | MarknighT
6:26 Loom
9:17 Feudal Age
13:42 Horse Collar
16:38 Fletching
18:24 Padded Archer Armor
23:47 Castle Age
23:53 Crossbowman
24:33 Bodkin Arrow
33:40 Heavy Plow
35:34 Wheelbarrow
36:22 Town Watch
42:29 Imperial Age
41:02 Ballistics
42:42 Hand Cart
43:38 Chemistry
43:11 Bracer
42:56 Arbalester
46:36 Leather Archer Armor
46:37 Elite Skirmisher
48:39 Siege Engineers
50:22 Ring Archer Armor
51:27 Masonry
56:53 Houfnice
59:22 Conscription
59:16 Wagenburg Tactics
Connection lost

Rejoining the realm…

Still unreachable

The connection could not be restored.

Session expired

The server has moved on; the page needs a fresh start.